Map: Thunderbird LE

Players

puCK (Nina) - Winner!

  • Race: Protoss Protoss
  • Spawn Location: 11:00

Harstem

  • Race: Protoss Protoss
  • Spawn Location: 5:00

VOD

Have the link to the VOD?

Description

Time

  • Played on: Sept. 6, 2019, 3:51 p.m.
  • Length: 14:28
Show
View Real Time Build Order
Export as new Build Order

puCK Protoss - Winner!

Build Orders: Oracle Opening, Carriers 

Get SALT Encoding   

  12  0:00  Probe  
  13  0:12  Probe  
  14  0:17  Pylon  
  14  0:24  Probe  
  15  0:32  Probe  
  15  0:38  Gateway  
  15  0:40  Probe  
  16  0:47  Assimilator  
  17  0:51  Probe  
  17  0:54  Assimilator  
  18  0:59  Probe  
  19  1:07  Gateway, Probe  
  19  1:17  Probe  
  21  1:25  Cybernetics Core  
  21  1:29  Probe  
  22  1:35  Pylon  
  22  1:41  Probe  
  23  1:55  Probe  
  24  2:06  Pylon, Adept x2  
  24  2:07  Warp Gate  
  28  2:27  Stargate  
  28  2:36  Stalker x2  
  32  2:46  Probe  
  33  3:02  Oracle  
  33  3:03  Nexus  
  36  3:15  Probe  
  37  3:27  Pylon, Probe  
  38  3:40  Probe  
  39  3:46  Oracle  
  42  3:48  Probe  
  43  3:56  Probe  
  43  3:58  Twilight Council  
  44  4:06  Probe  
  43  4:16  Stalker  
  43  4:17  Probe  
  44  4:18  Probe  
  44  4:23  Stalker  
  47  4:29  Probe  
  47  4:31  Probe  
  47  4:33  Phoenix  
  49  4:41  Probe  
  50  4:46  Shield Battery  
  50  4:47  Stalker  
  50  4:48  Probe  
  50  4:52  Probe  
  53  4:53  Stalker  
  56  5:00  Probe x2  
  58  5:11  Probe  
  58  5:12  Blink, Probe  
  58  5:13  Pylon  
  57  5:20  Assimilator  
  57  5:22  Assimilator  
  57  5:24  Probe  
  57  5:26  Probe  
  59  5:29  Stalker  
  61  5:38  Probe x2  
  61  5:41  Forge  
  61  5:42  Stalker  
  64  5:50  Probe  
  64  5:55  Nexus  
  65  5:59  Probe  
  65  6:02  Probe  
  65  6:03  Pylon  
  67  6:10  Oracle  
  70  6:16  Pylon  
  70  6:21  Probe  
  70  6:23  Gateway, Protoss Ground Weapons Level 1  
  69  6:29  Stalker x2  
  69  6:31  Pylon  
  73  6:48  Gateway  
  73  6:51  Gateway  
  73  6:52  Stalker x2  
  77  6:58  Gateway  
  77  7:03  Oracle, Pylon  
  77  7:07  Probe x3  
  83  7:13  Photon Cannon  
  83  7:19  Probe x2  
  83  7:20  Probe  
  86  7:27  Pylon, Stalker  
  88  7:30  Oracle  
  88  7:31  Probe  
  88  7:34  Probe  
  90  7:37  Probe  
  90  7:41  Stalker  
  90  7:42  Stalker  
  90  7:43  Probe  
  99  7:46  Probe  
  99  7:49  Probe  
  101  7:54  Pylon  
  101  7:55  Probe  
  101  7:56  Stalker x2  
  106  7:59  Probe  
  106  8:01  Shield Battery, Probe  
  106  8:02  Oracle  
  108  8:05  Stalker  
  108  8:08  Probe  
  108  8:11  Pylon, Probe  
  115  8:17  Assimilator  
  115  8:18  Assimilator  
  115  8:20  Stalker  
  115  8:21  Sentry  
  115  8:26  Stalker x2  
  123  8:28  Probe  
  123  8:32  Protoss Ground Weapons Level 2  
  123  8:33  Oracle  
  123  8:34  Photon Cannon, Probe  
  124  8:35  Probe  
  124  8:40  Photon Cannon, Probe  
  131  8:54  Fleet Beacon  
  130  8:59  Stargate  
  130  9:07  Stalker x3  
  136  9:11  Pylon, Stalker  
  136  9:13  Pylon  
  136  9:16  Pylon  
  138  9:22  Protoss Air Weapons Level 1  
  138  9:25  Oracle  
  141  9:36  Photon Cannon  
  141  9:37  Photon Cannon  
  141  9:40  Nexus  
  140  9:49  Tempest  
  145  9:58  Pylon  
  145  10:01  Pylon  
  145  10:07  Oracle  
  145  10:12  Zealot x4  
  156  10:16  Probe x2  
  156  10:18  Photon Cannon  
  156  10:23  Probe  
  156  10:25  Charge  
  157  10:30  Stargate  
  157  10:32  Photon Cannon, Tempest  
  157  10:33  Stargate  
  160  10:45  Carrier  
  160  10:48  Probe x2  
  168  10:51  Photon Cannon  
  168  10:55  Shield Battery  
  168  10:58  Assimilator  
  168  11:02  Assimilator  
  168  11:06  Carrier  
  168  11:13  Carrier x2  
  186  11:27  Probe x2  
  188  11:36  Carrier  
  188  11:44  Zealot x6  
  176  11:53  Probe x2  
  184  11:56  Carrier  
  184  12:08  Carrier  
  184  12:10  Photon Cannon  
  184  12:11  Photon Cannon, Pylon  
  190  12:18  Carrier  
  190  12:24  Carrier  
  190  12:29  Photon Cannon  
  193  12:45  Zealot x3  
  199  12:53  Photon Cannon  
  199  13:05  Carrier  
  199  13:06  Photon Cannon  
  192  13:14  Probe x2  
  192  13:17  Probe  
  197  13:20  Templar Archives  
  197  13:32  Photon Cannon  
  197  13:41  Robotics Facility  
  197  13:47  Photon Cannon  
  197  14:01  Pylon  
Show
View Real Time Build Order
Export as new Build Order

Harstem Protoss 

Build Orders: Oracle Opening, Phoenix Opening, Zealot Archon 

Get SALT Encoding   

  12  0:00  Probe  
  13  0:13  Probe  
  14  0:17  Pylon  
  14  0:24  Probe  
  15  0:32  Probe  
  15  0:37  Gateway  
  15  0:40  Probe  
  16  0:47  Assimilator  
  17  0:51  Probe  
  17  0:55  Assimilator  
  18  1:00  Probe  
  19  1:08  Gateway, Probe  
  19  1:17  Probe  
  20  1:24  Cybernetics Core  
  21  1:29  Probe  
  22  1:33  Pylon  
  22  1:42  Probe  
  23  1:55  Probe  
  23  2:00  Stalker  
  23  2:01  Warp Gate, Sentry  
  28  2:04  Pylon  
  28  2:16  Probe  
  31  2:35  Phoenix  
  31  2:36  Stargate  
  29  2:38  Stalker  
  31  2:50  Nexus  
  31  2:57  Stalker  
  33  3:02  Probe  
  34  3:07  Shield Battery  
  34  3:14  Probe  
  34  3:15  Oracle  
  35  3:26  Probe  
  39  3:42  Pylon  
  39  3:54  Pylon  
  39  3:55  Phoenix  
  39  3:58  Probe  
  39  4:01  Probe  
  41  4:06  Probe  
  39  4:13  Probe  
  39  4:15  Probe  
  39  4:17  Robotics Facility  
  40  4:24  Probe  
  40  4:26  Probe  
  42  4:33  Probe  
  42  4:38  Probe  
  44  4:41  Probe, Sentry, Stalker  
  49  4:50  Probe  
  49  4:52  Probe  
  50  4:53  Assimilator  
  50  4:54  Forge  
  50  4:55  Assimilator  
  51  5:02  Probe  
  51  5:04  Observer, Probe, Stalker  
  51  5:05  Stalker  
  58  5:14  Probe  
  58  5:16  Probe  
  58  5:20  Pylon  
  60  5:26  Probe  
  60  5:27  Twilight Council  
  62  5:28  Protoss Ground Weapons Level 1  
  62  5:35  Gateway  
  61  5:36  Gateway, Probe  
  61  5:40  Probe  
  63  5:48  Probe  
  61  5:51  Immortal  
  62  6:00  Gateway x2  
  65  6:08  Adept x2  
  69  6:12  Charge  
  69  6:17  Probe  
  70  6:19  Probe  
  71  6:26  Pylon  
  71  6:28  Warp Prism  
  71  6:30  Templar Archives  
  73  6:45  Gateway  
  73  6:47  Gateway  
  73  6:54  Nexus  
  73  6:55  Probe  
  73  6:56  Probe  
  73  7:00  Immortal  
  74  7:06  Pylon  
  74  7:08  Probe  
  75  7:14  Probe  
  80  7:19  High Templar x3  
  80  7:22  Pylon  
  86  7:24  Probe  
  86  7:26  High Templar, Archon  
  90  7:31  Pylon  
  90  7:32  Probe, Robotics Bay  
  90  7:36  Archon, Zealot, Protoss Ground Weapons Level 2  
  92  7:39  Probe  
  93  7:45  Probe  
  93  7:51  Shield Battery, Probe  
  94  7:57  Probe  
  96  8:03  Probe  
  97  8:07  Probe  
  97  8:08  Disruptor  
  97  8:09  Probe  
  99  8:13  Zealot x4  
  99  8:15  Probe  
  109  8:20  Dark Shrine  
  109  8:22  Probe  
  109  8:25  Assimilator  
  112  8:28  Probe  
  112  8:29  Assimilator  
  112  8:32  Disruptor  
  112  8:34  Probe  
  115  8:36  Pylon  
  115  8:39  Pylon  
  117  8:56  Zealot x3  
  117  8:57  Zealot  
  117  8:58  Disruptor  
  117  9:00  Pylon  
  125  9:04  Photon Cannon  
  125  9:05  Photon Cannon  
  125  9:09  Pylon  
  128  9:24  Probe  
  128  9:25  Disruptor, Probe  
  128  9:30  Probe  
  131  9:32  Nexus  
  131  9:34  Pylon  
  131  9:38  Probe  
  135  9:40  Photon Cannon  
  135  9:41  Probe  
  134  9:51  Fleet Beacon, Stargate  
  134  10:02  Pylon, High Templar x4  
  134  10:03  Zealot x4  
  150  10:08  Phoenix  
  150  10:09  Archon x2  
  148  10:15  Probe  
  148  10:16  Pylon  
  148  10:17  Shield Battery  
  148  10:18  Photon Cannon, Protoss Air Weapons Level 1  
  145  10:27  Phoenix  
  145  10:35  Probe, Phoenix  
  147  10:38  Shield Battery  
  147  10:39  Anion Pulse-Crystals  
  145  10:46  Probe  
  144  10:51  Phoenix  
  144  10:54  Stargate  
  144  10:55  Phoenix  
  144  10:57  Probe, Nexus  
  149  11:13  Zealot x5  
  149  11:14  Zealot x3  
  149  11:16  Phoenix  
  167  11:20  Phoenix  
  167  11:23  Pylon  
  169  11:25  Pylon  
  169  11:29  Protoss Ground Weapons Level 3  
  164  11:41  Phoenix  
  164  11:42  Observer  
  164  11:45  Phoenix  
  165  11:47  Zealot  
  165  11:48  Zealot x3  
  174  12:01  Photon Cannon  
  174  12:03  Probe x2  
  174  12:04  Photon Cannon  
  174  12:06  Phoenix, Probe  
  177  12:14  Shield Battery  
  175  12:17  Probe  
  175  12:21  Warp Prism, Probe  
  175  12:22  Probe x2  
  175  12:31  Assimilator  
  175  12:32  High Templar x4  
  175  12:33  High Templar x2  
  175  12:34  Zealot x2  
  175  12:36  Assimilator  
  193  12:41  Archon x2  
  193  12:51  Archon  
  193  12:55  Tempest  
  195  13:01  Tempest  
  197  13:21  Nexus  
  197  13:22  Pylon  
  197  13:24  Assimilator  
  197  13:26  Assimilator  
  195  13:43  Photon Cannon  
  195  13:45  Photon Cannon, Tempest  
  195  13:47  Photon Cannon  
  195  13:48  Shield Battery  
  198  13:51  Shield Battery x2  
  195  14:10  Zealot x3  
  168  14:22  Zealot x5  
Tags
 
Add a new tag
Caveats
  • Supply blocks, unpowered buildings, or Contaminate may cause inaccurate times.
  • Supply counts are checked every 10 seconds.